 Dungeon Crawl Stone Soup version 0.18-a0-1418-ga86aa8f (webtiles) character file.

706668 Duffy the Slayer (level 27, 270/270 (271) HPs)
             Began as a Hill Orc Fighter on Feb 26, 2016.
             Was the Champion of Cheibriados.
             Quit the game on level 6 of the Pits of Slime.
             The game lasted 02:32:20 (83640 turns).

Duffy the Slayer (Hill Orc Fighter)                Turns: 83640, Time: 02:32:21

HP:   270/270 (271) AC: 51    Str: 56    XL:     27
MP:   35/35         EV: 30    Int: 23    God:    Cheibriados [******]
Gold: 7922          SH:  0    Dex: 21    Spells: 4 memorised, 31 levels left

rFire  . . .     SeeInvis .     k - +5 battleaxe (flame)
rCold  + . .     Gourm    .     T - +10 crystal plate armour
rNeg   . . .     Faith    +     (shield currently unavailable)
rPois  .         Spirit   .     o - +2 helmet
rElec  +         Dismiss  .     r - +2 cloak of Starlight {rElec rC+ EV+4 Stlth--}
rCorr  +         Reflect  .     N - +2 pair of gloves {Str+3}
SustAt .         Harm     .     t - +1 pair of boots {Fly}
MR     +++..                    i - amulet of faith
Stlth  ..........               I - ring of resist corrosion
                                A - ring of Ezobyppe {MR+ Str+10}

@: flying, very slow, extremely resistant to hostile enchantments, extremely
unstealthy
A: slimy green scales 1, clumsy 2, deformed body, deterioration 1, dopey 1,
screaming 1, weak 1, no device heal 1, subdued magic 1, MP-powered wands
a: Bend Time, Temporal Distortion, Slouch, Step From Time, Renounce Religion,
Stop Flying
}: 4/15 runes: decaying, serpentine, slimy, silver


You were on level 6 of the Pits of Slime.
You worshipped Cheibriados.
Cheibriados was exalted by your worship.
You were completely stuffed.

You visited 11 branches of the dungeon, and saw 56 of its levels.
You visited 1 ziggurat, and saw 12 of its levels.
You also visited: Labyrinth, Ossuary, Ice Cave, Volcano and Wizlab.

You collected 9719 gold pieces.
You spent 1797 gold pieces at shops.


Innate Abilities, Weirdness & Mutations

You are partially covered in slimy green scales (AC +2).
You are very clumsy. (Dex -4)
Armour fits poorly on your strangely shaped body.
Your body sometimes deteriorates upon taking damage.
You are dopey. (Int -2)
You occasionally shout uncontrollably at your foes.
You are weak. (Str -2)
Potions and wands are less effective at restoring your health.
Your spells are a little easier to cast, but a little less powerful.
You expend magic power (3 MP) to strengthen your wands.


   Skills:
 - Level 26.8 Fighting
 - Level 20.0 Axes
 - Level 26.8 Armour
 - Level 19.5 Dodging
   Level 3.2 Shields
 - Level 7.5 Spellcasting
 + Level 5.2 Charms
 + Level 5.4 Necromancy
 - Level 13.2 Translocations
 - Level 14.8 Invocations
 - Level 17.4 Evocations


You had 31 spell levels left.
You knew the following spells:

 Your Spells              Type           Power        Failure   Level  Hunger
a - Regeneration          Chrm/Necr      ###.......   3%          3    None
g - Passage of Golubria   Tloc           N/A          1%          4    ###....
j - Apportation           Tloc           #####.....   0%          1    None
B - Blink                 Tloc           N/A          0%          2    None

Inventory:

Hand Weapons
 k - a +5 battleaxe of flaming (weapon)
 v - the +1 eveningstar "Brilliance" {holy, rN+ AC+5 Int+5}

   It has been blessed by the Shining One to cause great damage to the undead
   and demons.
   It affects your AC (+5).
   It affects your intelligence (+5).
   It protects you from negative energy.
Missiles
 S - 2 throwing nets (quivered)
Armour
 o - a +2 helmet (worn)
 r - the +2 cloak of Starlight (worn) {rElec rC+ EV+4 Stlth--}

   It affects your evasion (+4).
   It protects you from cold.
   It insulates you from electricity.
   It makes you much less stealthy.
 t - a +1 pair of boots of flying (worn)
 N - a +2 pair of gloves of strength (worn)
 T - a +10 crystal plate armour (worn)
Jewellery
 i - an amulet of faith (around neck)
 w - the ring of Robustness {AC+8}

   [ring of protection]

   It affects your AC (+8).
 A - the ring of Ezobyppe (left hand) {MR+ Str+10}

   [ring of protection from magic]

   It affects your strength (+10).
   It affects your resistance to hostile enchantments.
 B - the ring "Tonem" {rC+ Dex+4}

   [ring of protection from cold]

   It affects your dexterity (+4).
   It protects you from cold.
 D - an uncursed ring of see invisible
 I - a ring of resist corrosion (right hand)
 O - an uncursed ring of protection from fire
 V - an uncursed ring of positive energy
 Z - the ring of Shaolin {EV+8}

   [ring of evasion]

   It affects your evasion (+8).
Wands
 b - a wand of digging (7/24)
 h - a wand of acid (4/15)
 y - a wand of disintegration (11/24)
 U - a wand of teleportation (4/9)
Scrolls
 l - 13 scrolls of recharging
 m - 38 scrolls of remove curse
 q - 6 scrolls of immolation
 s - 3 scrolls of magic mapping
 u - 9 scrolls of blinking
 z - 13 scrolls of fog
 C - 3 scrolls of holy word
 G - 2 scrolls of vulnerability
 H - 13 scrolls of enchant weapon
 K - 3 scrolls of summoning
 M - 16 scrolls of identify
 P - 20 scrolls of teleportation
 Y - 10 scrolls of fear
Potions
 d - 7 potions of might
 e - 6 potions of cure mutation
 g - a potion of resistance
 n - 15 potions of curing
 p - 17 potions of heal wounds
 x - 3 potions of magic
 E - a potion of invisibility
 J - 5 potions of cancellation
 X - 5 potions of agility
Miscellaneous
 a - a fan of gales
 F - a sack of spiders
 L - a lamp of fire
 W - a box of beasts
Comestibles
 f - 24 meat rations
 j - 30 fruits
 Q - 41 bread rations
 R - 2 royal jellies

Dungeon Overview and Level Annotations

Branches:
Dungeon (15/15)            Temple (1/1) D:6            Lair (8/8) D:10
  Swamp (4/4) Lair:4        Snake (4/4) Lair:5        Slime (6/6) Lair:7
    Orc (2/2) D:12            Elf (3/3) Orc:2        Vaults (5/5) D:13
  Crypt (3/3) Vaults:3       Tomb (0/3) Crypt:3      Depths (5/5) D:15
    Zot (0/5) Depths:5

Altars:
Ashenzari
Cheibriados
Dithmenos
Elyvilon
Fedhas
Gozag
Kikubaaqudgha
Makhleb
Nemelex Xobeh
Okawaru
Pakellas
Qazlal
Ru
Sif Muna
Trog
Vehumet
Xom
Yredelemnul
Zin
The Shining One
Beogh
Lugonu

Shops:
D:6 %}:?}   D:8 %   D:11 %   D:13 :   D:14 :   Orc:2 %*[*   Elf:1 [   Snake:2 ?
Snake:3 *   Vaults:1 %   Vaults:2 %   Vaults:3 (   Depths:3 *

Portals:
Hell: Depths:1 Depths:2 Depths:3 Depths:4 Depths:5
Abyss: Depths:4
Pandemonium: Depths:1 Depths:3
Trove: Vaults:2 (give +2 shadow dragon armour)

Annotations:
Depths:4 exclusion: door


Message History

m - 38 scrolls of remove curse (gained 1)
You see here a dagger.
You see here a polished blowgun.
You see here 8 needles of confusion.
You see here a knobbly runed staff.
Evoke which item? (* to show all) (? for menu, Esc to quit)
Zapping:
y - a wand of disintegration (12/24)
Press: ? - help, Shift-Dir - straight line The translucent rock wall explodes into countless fragments.
This wand has 11 charges left.
You see here a staff of energy.
f - 23 meat rations (gained 1)
An eye of draining comes into view.
You shout at the eye of draining!
The eye of draining turns its gaze towards you.
You see here a fan of gales.
You see here a short smoking staff.
You see here 17 gold pieces.
You see here a beef jerky.
Eat a beef jerky? (ye/n/q/i?) That beef jerky was jerk-a-riffic!
You see here a potion of curing.
You see here 21 gold pieces.
You now have 7849 gold pieces (gained 21).
You see here 56 gold pieces.
You now have 7905 gold pieces (gained 56).
You see here a potion of curing.
n - 15 potions of curing (gained 1)
You see here 17 gold pieces.
You now have 7922 gold pieces (gained 17).
You see here a meat ration.
f - 24 meat rations (gained 1)
You see here a plain deck of cards.
You see here a staff of energy.
Are you sure you want to abandon this character and quit the game? (Confirm with "yes".)

...................####).#
#...................##(.).
#..................###.|("
#....................##([.
#....................###..
#.....................###}
##.....................###
##......................#
#........@<...............
......##..................
##.#.# #.#................
#.## ###................ #
####.............
.............
............. .... .......
.......


There were no monsters in sight!

Action                   |  1- 3 |  4- 6 |  7- 9 | 10-12 | 13-15 | 16-18 | 19-21 | 22-24 | 25-27 || total
-------------------------+-------+-------+-------+-------+-------+-------+-------+-------+-------++-------
Melee: War axe           |   108 |   187 |   471 |   369 |       |       |       |       |       ||  1135
       Battleaxe         |       |       |       |   200 |  1186 |  1437 |  1627 |  1286 |  2681 ||  8417
       Scimitar          |       |       |       |       |    65 |       |       |       |       ||    65
Invok: Temporal Distorti |       |       |       |     1 |       |     7 |       |     2 |     2 ||    12
       Slouch            |       |       |       |     2 |     3 |    18 |       |     4 |     7 ||    34
 Abil: Evoke Flight      |       |       |       |       |       |       |     2 |       |       ||     2
Evoke: Wand              |       |       |       |       |       |     3 |       |     6 |     8 ||    17
  Use: Scroll            |       |       |    14 |     2 |     9 |    16 |     6 |     8 |    13 ||    68
       Potion            |       |       |       |     1 |     1 |     2 |     2 |     2 |     9 ||    17
 Stab: Distracted        |       |       |       |       |       |     1 |     1 |       |     1 ||     3
       Confused          |       |       |       |       |       |       |     1 |       |       ||     1
       Paralysed         |       |       |       |       |       |       |       |       |     5 ||     5
       Petrifying        |       |       |       |       |       |       |       |       |     1 ||     1
  Eat: Chunk             |       |     8 |    13 |     8 |    21 |    18 |     1 |    17 |    11 ||    97
       Fruit             |       |       |     2 |       |       |     2 |       |     7 |     3 ||    14
       Pizza             |       |       |       |     4 |       |     3 |     2 |     1 |     3 ||    13
       Royal jelly       |       |       |       |       |     2 |     7 |     1 |       |     5 ||    15
       Beef jerky        |       |       |       |       |       |     2 |     9 |       |     6 ||    17
       Bread ration      |       |       |       |       |       |       |       |       |     1 ||     1

Notes
Turn   | Place    | Note
--------------------------------------------------------------
     0 | D:1      | Duffy the Hill Orc Fighter began the quest for the Orb.
     0 | D:1      | Reached XP level 1. HP: 19/19 MP: 1/1
    78 | D:1      | Reached skill level 3 in Axes
   166 | D:1      | Reached XP level 2. HP: 23/26 MP: 2/2
   372 | D:1      | Reached skill level 4 in Axes
   570 | D:1      | Reached XP level 3. HP: 31/31 MP: 3/3
   767 | D:2      | Reached skill level 5 in Axes
  1062 | D:2      | Reached XP level 4. HP: 39/39 MP: 4/4
  1343 | D:2      | Reached skill level 6 in Axes
  1942 | D:3      | Reached XP level 5. HP: 33/45 MP: 5/5
  2064 | D:3      | Found a sacrificial altar of Ru.
  2236 | D:3      | Noticed an ogre
  2244 | D:3      | Killed an ogre
  2244 | D:3      | Reached skill level 7 in Axes
  2349 | D:3      | Found a shimmering altar of Xom.
  2349 | D:3      | Found a sparkling altar of Nemelex Xobeh.
  2480 | D:3      | Reached skill level 8 in Axes
  2491 | D:3      | Reached XP level 6. HP: 51/51 MP: 6/6
  2503 | D:3      | Noticed Ijyb
  2515 | D:3      | Killed Ijyb
  2955 | D:4      | Reached skill level 9 in Axes
  3188 | D:4      | Reached XP level 7. HP: 50/57 MP: 7/7
  3426 | D:4      | Found a glowing silver altar of Zin.
  3512 | D:4      | Reached skill level 10 in Axes
  4026 | D:5      | Entered Level 5 of the Dungeon
  4136 | D:5      | Found a radiant altar of Vehumet.
  4264 | D:5      | Reached skill level 4 in Fighting
  4428 | D:5      | Reached skill level 4 in Armour
  4488 | D:5      | Noticed Dowan
  4490 | D:5      | Noticed Duvessa
  4503 | D:5      | Killed Duvessa
  4503 | D:5      | Reached skill level 11 in Axes
  4503 | D:5      | Reached XP level 8. HP: 64/66 MP: 8/8
  4508 | D:5      | Killed Dowan
  5028 | D:5      | Reached skill level 5 in Armour
  5423 | D:6      | Found Jekybuumn's Magic Scroll Shoppe.
  5428 | D:6      | Bought a scroll of identify for 20 gold pieces
  5428 | D:6      | Bought a scroll of magic mapping for 35 gold pieces
  5428 | D:6      | Bought a scroll of teleportation for 30 gold pieces
  5428 | D:6      | Bought a scroll of fog for 20 gold pieces
  5428 | D:6      | Bought a scroll of enchant armour for 75 gold pieces
  5428 | D:6      | Bought a scroll of random uselessness for 10 gold pieces
  5453 | D:6      | Found a staircase to the Ecumenical Temple.
  5487 | Temple   | Entered the Ecumenical Temple
  5701 | Temple   | Became a worshipper of Cheibriados the Contemplative
  5790 | D:6      | Found Jyalec's Book Shoppe.
  5802 | D:6      | Reached skill level 5 in Fighting
  5944 | D:6      | Reached skill level 12 in Axes
  5965 | D:6      | Found Kysapsou's Gadget Shoppe.
  5981 | D:6      | Found Agi Dae's Food Emporium.
  5996 | D:6      | Found an opulent altar of Gozag.
  6076 | D:6      | Found a runed door.
  6085 | D:6      | Reached skill level 6 in Armour
  6207 | D:6      | Reached XP level 9. HP: 59/74 MP: 9/9
  6339 | D:6      | Found Otarilal's Gadget Shoppe.
  6348 | D:6      | Noticed Menkaure
  6359 | D:6      | Killed Menkaure
  6440 | D:6      | Found an opulent altar of Gozag.
  6579 | D:6      | Found a runed door.
  6726 | D:6      | Bought a scroll of noise for 10 gold pieces
  6726 | D:6      | Bought a scroll of remove curse for 30 gold pieces
  6788 | D:6      | Reached * piety under Cheibriados
  6814 | D:6      | Reached skill level 7 in Armour
  6823 | D:6      | Reached skill level 6 in Fighting
  7245 | D:7      | Noticed Prince Ribbit
  7264 | D:7      | Killed Prince Ribbit
  7267 | D:7      | Reached skill level 13 in Axes
  7648 | D:7      | You fall through a shaft for 2 floors!
  7661 | D:9      | Found an ancient bone altar of Kikubaaqudgha.
  7710 | D:8      | Reached skill level 8 in Armour
  7766 | D:8      | Found Ozxaaqor's Food Shoppe.
  7892 | D:8      | Found a shadowy altar of Dithmenos.
  7930 | D:8      | Reached ** piety under Cheibriados
  7977 | D:8      | Found a sand-covered staircase.
  7984 | Ossuary  | Entered an ossuary
  8328 | D:8      | Reached skill level 7 in Fighting
  8397 | D:8      | Noticed a troll
  8414 | D:8      | Killed a troll
  8414 | D:8      | Reached skill level 2 in Invocations
  8414 | D:8      | Reached XP level 10. HP: 47/86 MP: 9/11
  8737 | D:8      | Reached skill level 3 in Invocations
  9144 | D:9      | Reached *** piety under Cheibriados
  9287 | D:9      | Noticed Erolcha
  9287 | D:9      | Paralysed by Erolcha for 5 turns
  9305 | D:9      | Killed Erolcha
  9305 | D:9      | Reached skill level 14 in Axes
  9305 | D:9      | Reached skill level 5 in Invocations
  9601 | D:9      | Reached skill level 6 in Invocations
 10336 | D:10     | Entered Level 10 of the Dungeon
 10336 | D:10     | Noticed Feta's ghost (novice FoFi)
 10353 | D:10     | Killed Feta's ghost
 10408 | D:10     | Reached skill level 7 in Invocations
 10520 | D:10     | Noticed a deep elf mage
 10532 | D:10     | Killed a deep elf mage
 10532 | D:10     | Reached skill level 15 in Axes
 10532 | D:10     | Reached skill level 8 in Invocations
 10648 | D:10     | Reached XP level 11. HP: 87/92 MP: 17/17
 10670 | D:10     | Noticed a hill giant
 10682 | D:10     | Killed a hill giant
 10911 | D:10     | Noticed a hill giant
 10922 | D:10     | Killed a hill giant
 11081 | D:10     | Reached **** piety under Cheibriados
 11081 | D:10     | Reached skill level 9 in Invocations
 11245 | D:10     | Reached skill level 10 in Invocations
 11529 | D:10     | Reached skill level 1 in Dodging
 11540 | D:10     | Reached skill level 8 in Fighting
 11727 | D:10     | Found a staircase to the Lair.
 11756 | D:10     | Noticed Josephine
 11761 | D:10     | Reached skill level 9 in Armour
 11773 | D:10     | Killed Josephine
 11773 | D:10     | Reached skill level 2 in Dodging
 11775 | D:10     | Reached ***** piety under Cheibriados
 12119 | D:10     | Noticed Urug
 12139 | D:10     | Killed Urug
 12139 | D:10     | Reached skill level 16 in Axes
 12305 | D:10     | Reached skill level 3 in Dodging
 12313 | D:10     | Reached skill level 9 in Fighting
 12313 | D:10     | Reached XP level 12. HP: 101/104 MP: 19/19
 12440 | D:10     | Reached skill level 4 in Dodging
 12445 | D:10     | Reached skill level 10 in Armour
 12789 | D:11     | Found Momoh's Food Shoppe.
 12808 | D:11     | Reached ****** piety under Cheibriados
 12841 | D:11     | Found a labyrinth entrance.
 12851 | Lab      | Entered a labyrinth
 12920 | Lab      | Found an exit through the horrors of the Abyss.
 12938 | Lab      | Found an exit through the horrors of the Abyss.
 13010 | Lab      | Found an exit through the horrors of the Abyss.
 13462 | Lab      | Reached skill level 10 in Fighting
 13648 | Lab      | Noticed a minotaur
 13660 | Lab      | Killed a minotaur
 14072 | Lab      | Got a warped morningstar
 14074 | Lab      | Identified the +6 morningstar "Xiaprin" {antimagic, rPois Str+2} (You found it in a labyrinth)
 14190 | D:11     | Noticed Fannar
 14203 | D:11     | Killed Fannar
 14436 | D:11     | Reached skill level 5 in Dodging
 14439 | D:11     | Reached skill level 17 in Axes
 14494 | D:11     | Found a corrupted altar of Lugonu.
 14509 | D:11     | Noticed a sun demon
 14827 | D:11     | Reached XP level 13. HP: 110/114 MP: 20/20
 14869 | D:11     | Noticed Snorg
 14884 | D:11     | Killed Snorg
 14884 | D:11     | Reached skill level 11 in Armour
 15436 | D:11     | Reached skill level 11 in Fighting
 15683 | D:12     | Found a shimmering altar of Xom.
 16347 | D:12     | Paralysed by a giant eyeball for 3 turns
 16355 | D:12     | Paralysed by a giant eyeball for 3 turns
 16363 | D:12     | Reached skill level 6 in Dodging
 16365 | D:12     | Paralysed by a giant eyeball for 3 turns
 16678 | D:12     | Found a staircase to the Orcish Mines.
 16957 | Lair:1   | Entered Level 1 of the Lair of Beasts
 16983 | Lair:1   | Found a dark tunnel.
 16998 | Volcano  | Entered a volcano
 17543 | Lair:1   | Reached skill level 12 in Fighting
 17613 | Lair:1   | Reached skill level 18 in Axes
 17984 | Lair:1   | Reached skill level 7 in Dodging
 18457 | Lair:1   | You fall through a shaft!
 19009 | Lair:2   | Reached XP level 14. HP: 117/127 MP: 21/21
 19371 | Lair:2   | Found a white marble altar of Elyvilon.
 19978 | Lair:3   | Reached skill level 13 in Fighting
 20024 | Lair:3   | Noticed Gastronok
 20037 | Lair:3   | Killed Gastronok
 20829 | Lair:3   | Reached skill level 19 in Axes
 21319 | Lair:4   | Reached skill level 20 in Axes
 22093 | Lair:4   | Learned a level 1 spell: Apportation
 22170 | Lair:4   | Found a staircase to the Swamp.
 22212 | Lair:4   | Reached skill level 8 in Dodging
 22613 | Lair:5   | Found a staircase to the Snake Pit.
 23185 | Lair:5   | Reached skill level 12 in Armour
 23752 | Lair:6   | Reached XP level 15. HP: 137/137 MP: 22/22
 24374 | Lair:7   | Found a staircase to the Slime Pits.
 24501 | Lair:7   | Reached skill level 14 in Fighting
 24772 | Lair:8   | Entered Level 8 of the Lair of Beasts
 24786 | Lair:8   | Reached skill level 9 in Dodging
 25283 | Lair:8   | Reached skill level 15 in Fighting
 25299 | Lair:8   | Reached skill level 10 in Dodging
 25569 | Lair:8   | Reached skill level 11 in Invocations
 25841 | Lair:8   | Reached skill level 12 in Invocations
 26251 | Lair:8   | Learned a level 2 spell: Blink
 26256 | Lair:8   | Learned a level 4 spell: Passage of Golubria
 26388 | Lair:8   | Reached skill level 13 in Invocations
 26395 | Lair:8   | Reached XP level 16. HP: 125/149 MP: 26/26
 26905 | Orc:1    | Entered Level 1 of the Orcish Mines
 26953 | Orc:2    | Entered Level 2 of the Orcish Mines
 27007 | Orc:2    | Noticed Donald
 27016 | Orc:2    | Killed Donald
 27016 | Orc:2    | Reached skill level 14 in Invocations
 27127 | Orc:2    | Found Veidoirph's Food Emporium.
 27153 | Orc:2    | Found Feutym's General Store.
 27229 | Orc:2    | Found a roughly hewn altar of Beogh.
 27481 | Orc:2    | Reached skill level 1 in Spellcasting
 27481 | Orc:2    | Reached skill level 1 in Translocations
 27711 | Orc:2    | Found a roughly hewn altar of Beogh.
 27753 | Orc:2    | Found Cass's Assorted Antiques.
 27938 | Orc:2    | Reached skill level 2 in Translocations
 28079 | Orc:2    | Found Havveqed's Antique Armour Emporium.
 28085 | Orc:2    | Reached skill level 2 in Spellcasting
 28354 | Orc:2    | Paralysed by an orc sorcerer for 3 turns
 28625 | Orc:2    | Found a staircase to the Elven Halls.
 29609 | Orc:1    | Noticed Nergalle
 29985 | Orc:1    | Killed Nergalle
 30313 | Orc:1    | Reached skill level 13 in Armour
 30422 | Orc:1    | Noticed Maurice
 30429 | Orc:1    | Killed Maurice
 30758 | Orc:1    | Found a roughly hewn altar of Beogh.
 30941 | Orc:2    | Bought a pair of embroidered gloves for 153 gold pieces
 30984 | Orc:2    | Bought a scroll labeled OZAOP DECYIDICK for 29 gold pieces
 30984 | Orc:2    | Bought a metallic inky potion for 26 gold pieces
 30987 | Orc:2    | Bought a bone wand for 116 gold pieces
 30987 | Orc:2    | Bought an embroidered hat for 116 gold pieces
 31016 | Orc:2    | Bought a potion of curing for 87 gold pieces
 31075 | Orc:2    | Bought a potion of heal wounds for 80 gold pieces
 31075 | Orc:2    | Bought a potion of curing for 48 gold pieces
 31381 | D:13     | Found Gedeunu's Book Emporium.
 31906 | D:14     | Reached skill level 14 in Armour
 32781 | D:14     | Found Pothremm's Book Emporium.
 33010 | D:14     | Reached XP level 17. HP: 156/156 MP: 22/28
 33020 | D:14     | Reached skill level 15 in Armour
 33315 | D:15     | Entered Level 15 of the Dungeon
 33655 | D:15     | Found a staircase to the Depths.
 33938 | D:15     | Found a bloodstained altar of Trog.
 34432 | D:15     | Reached skill level 11 in Dodging
 35209 | D:13     | Found a gate to the Vaults.
 35642 | Elf:1    | Entered Level 1 of the Elven Halls
 35695 | Elf:1    | Found Pezaxas's Armour Shoppe.
 35759 | Elf:1    | Found a magical portal.
 35806 | WizLab   | Entered The Roulette of Golubria
 35836 | WizLab   | Found a corrupted altar of Lugonu.
 35836 | WizLab   | Noticed an eldritch tentacle
 36060 | WizLab   | Reached skill level 16 in Armour
 36204 | WizLab   | Found a corrupted altar of Lugonu.
 36229 | WizLab   | Noticed a tentacled monstrosity
 36235 | WizLab   | Killed a tentacled monstrosity
 36436 | WizLab   | Noticed a tentacled starspawn
 36619 | WizLab   | Reached skill level 16 in Fighting
 37189 | WizLab   | Killed a tentacled starspawn
 37257 | WizLab   | Killed an eldritch tentacle
 37512 | WizLab   | Got a smoking cloak
 37523 | WizLab   | Identified the +0 cloak of Gozag's Supremacy {Dex+4} (You found it in a wizard's laboratory)
 37538 | WizLab   | Identified Golubria's Grimoire of the Creative Voyage (You found it in a wizard's laboratory)
 37974 | Elf:1    | Reached XP level 18. HP: 168/168 MP: 29/29
 38267 | Elf:1    | Identified Zism's Guide on Virous Battle Magic (You found it on level 1 of the Elven Halls)
 38367 | Elf:1    | Noticed Louise
 38382 | Elf:1    | Killed Louise
 38528 | Elf:1    | Noticed a Hell Sentinel
 38751 | Elf:1    | Reached skill level 17 in Armour
 38868 | Elf:1    | Reached skill level 17 in Fighting
 40008 | Elf:2    | Found a runed door.
 40017 | Elf:2    | Found a runed door.
 40120 | Elf:2    | Reached skill level 12 in Dodging
 40649 | Elf:2    | Noticed a deep elf blademaster
 40659 | Elf:2    | Killed a deep elf blademaster
 40659 | Elf:2    | Reached skill level 13 in Dodging
 42015 | Swamp:1  | Entered Level 1 of the Swamp
 42022 | Swamp:1  | Reached XP level 19. HP: 164/177 MP: 30/30
 42231 | Swamp:1  | Found a frozen archway.
 42260 | IceCv    | Entered an ice cave
 42761 | IceCv    | Noticed an Ice Fiend
 42775 | IceCv    | Killed an Ice Fiend
 42775 | IceCv    | Reached skill level 14 in Dodging
 43744 | Swamp:1  | Found a blossoming altar of Fedhas.
 44133 | Swamp:2  | Noticed Aizul
 44153 | Swamp:2  | Killed Aizul
 44967 | Swamp:2  | Reached skill level 3 in Translocations
 45116 | Swamp:3  | Reached skill level 3 in Spellcasting
 45166 | Swamp:3  | Noticed Kirke
 45181 | Swamp:3  | Killed Kirke
 45519 | Swamp:3  | Reached skill level 4 in Spellcasting
 46017 | Snake:1  | Entered Level 1 of the Snake Pit
 46044 | Snake:1  | Reached skill level 4 in Translocations
 46119 | Snake:1  | Noticed Asterion
 46130 | Snake:1  | Killed Asterion
 46482 | Snake:1  | Reached skill level 5 in Spellcasting
 47220 | Snake:2  | Reached skill level 6 in Spellcasting
 47222 | Snake:2  | Reached XP level 20. HP: 178/184 MP: 31/31
 47237 | Snake:2  | Reached skill level 5 in Translocations
 47393 | Snake:2  | Found Aptewao's Magic Scroll Shop.
 47409 | Snake:2  | Bought a scroll of summoning for 171 gold pieces
 47409 | Snake:2  | Bought a scroll of recharging for 171 gold pieces
 47409 | Snake:2  | Bought a scroll of teleportation for 54 gold pieces
 47409 | Snake:2  | Bought a scroll of identify for 36 gold pieces
 47481 | Snake:2  | Found a burning altar of Makhleb.
 48506 | Snake:2  | Reached skill level 6 in Translocations
 48720 | Snake:3  | Found Guttes's General Store.
 48833 | Snake:3  | Reached skill level 7 in Translocations
 49513 | Snake:4  | Entered Level 4 of the Snake Pit
 49535 | Snake:4  | Reached skill level 8 in Translocations
 50053 | Snake:4  | Reached skill level 9 in Translocations
 50538 | Snake:4  | Noticed Jorgrun
 50544 | Snake:4  | Killed Jorgrun
 50778 | Snake:4  | Reached skill level 10 in Translocations
 51202 | Snake:4  | Reached skill level 11 in Translocations
 51459 | Snake:4  | Reached XP level 21. HP: 179/191 MP: 32/32
 52007 | Snake:4  | Got a serpentine rune of Zot
 52289 | Swamp:4  | Entered Level 4 of the Swamp
 52333 | Swamp:3  | Reached skill level 12 in Translocations
 52465 | Swamp:4  | Reached skill level 7 in Spellcasting
 52671 | Swamp:4  | Got a decaying rune of Zot
 53492 | Vaults:1 | Entered Level 1 of the Vaults
 53868 | Vaults:1 | Reached skill level 13 in Translocations
 53991 | Vaults:1 | Found Xeag's Food Emporium.
 54804 | Vaults:2 | Found Erevew's Food Emporium.
 54834 | Vaults:2 | Noticed Jory
 54850 | Vaults:2 | Killed Jory
 54850 | Vaults:2 | Reached skill level 18 in Armour
 55085 | Vaults:2 | Found a portal to a secret trove of treasure.
 55168 | Vaults:2 | Reached XP level 22. HP: 200/200 MP: 33/33
 55629 | Vaults:2 | Noticed Norris
 55647 | Vaults:2 | Killed Norris
 55659 | Vaults:2 | Reached skill level 19 in Armour
 57129 | Elf:3    | Entered Level 3 of the Elven Halls
 57456 | Elf:3    | Reached skill level 20 in Armour
 57755 | Elf:3    | Got a sparkling pewter ring
 57828 | Elf:3    | Identified the ring "Tonem" {rC+ Dex+4} (You took it off a deep elf death mage on level 3 of the Elven Halls)
 57873 | Elf:3    | Gained mutation: Your body sometimes deteriorates upon taking damage. [a neqoxec]
 58187 | Elf:3    | Reached skill level 21 in Armour
 58284 | Elf:3    | Got a smelly plate armour
 58291 | Elf:3    | Identified the cursed +0 plate armour of Ohupali {Str+5 Dex-2 Stlth+} (You found it on level 3 of the Elven Halls)
 58304 | Elf:3    | Identified Siwuber's Catalogue of Feathers (You found it on level 3 of the Elven Halls)
 58367 | Elf:3    | Got a faintly glowing bronze ring
 58368 | Elf:3    | Identified the ring of Ezobyppe {MR+ Str+10} (You took it off a deep elf annihilator on level 3 of the Elven Halls)
 59230 | Elf:3    | Got a shimmering plate armour
 59241 | Elf:3    | Identified the +9 plate armour "Xukk" {+Fly MR+ Int+4} (You found it on level 3 of the Elven Halls)
 59501 | D:12     | Reached XP level 23. HP: 206/206 MP: 34/34
 59612 | Vaults:3 | Found Cinemuipn's Weapon Shop.
 60132 | Vaults:3 | Reached skill level 22 in Armour
 60260 | Vaults:3 | Found a staircase to the Crypt.
 61307 | Vaults:4 | Reached skill level 18 in Fighting
 61811 | Vaults:4 | Reached skill level 19 in Fighting
 62081 | Vaults:4 | Reached XP level 24. HP: 190/223 MP: 34/34
 62100 | Vaults:4 | Reached skill level 20 in Fighting
 62170 | Vaults:4 | Reached skill level 1 in Evocations
 62176 | Vaults:4 | Reached skill level 2 in Evocations
 62214 | Vaults:4 | Reached skill level 3 in Evocations
 62415 | Vaults:4 | Reached skill level 4 in Evocations
 62456 | Vaults:4 | Reached skill level 5 in Evocations
 62639 | Vaults:4 | Reached skill level 6 in Evocations
 63151 | Vaults:5 | Entered Level 5 of the Vaults
 63172 | Vaults:4 | Reached skill level 7 in Evocations
 63225 | Vaults:4 | Reached skill level 8 in Evocations
 63291 | Vaults:4 | Reached skill level 9 in Evocations
 63573 | Vaults:4 | Reached skill level 10 in Evocations
 63640 | Vaults:4 | Reached skill level 11 in Evocations
 63855 | Vaults:5 | Noticed an ancient lich
 63863 | Vaults:5 | Killed an ancient lich
 63910 | Vaults:5 | Reached skill level 12 in Evocations
 64157 | Vaults:5 | Reached skill level 15 in Dodging
 64309 | Vaults:5 | Reached XP level 25. HP: 177/231 MP: 34/34
 64634 | Vaults:5 | Gained mutation: You are partially covered in slimy green scales (AC +2). [potion of beneficial mutation]
 64682 | Vaults:5 | Reached skill level 16 in Dodging
 64697 | Vaults:5 | Got a silver rune of Zot
 65336 | Vaults:5 | Reached skill level 17 in Dodging
 65528 | Vaults:5 | Got a fine amber ring
 65529 | Vaults:5 | Identified the ring of Contentment {*Corrode Str+3 Int+5} (You took it off a deep elf sorcerer on level 5 of the Vaults)
 66397 | Vaults:5 | Reached skill level 13 in Evocations
 66729 | Vaults:5 | Identified the Compendium of Blows and Bruises (You found it on level 5 of the Vaults)
 67114 | D:6      | Bought a lamp of fire for 480 gold pieces
 67392 | Crypt:1  | Entered Level 1 of the Crypt
 67457 | Crypt:1  | Reached skill level 14 in Evocations
 67533 | Crypt:1  | Noticed Margery
 67549 | Crypt:1  | Killed Margery
 67549 | Crypt:1  | Reached skill level 15 in Evocations
 68394 | Crypt:1  | Reached skill level 16 in Evocations
 68399 | Crypt:1  | Reached XP level 26. HP: 239/239 MP: 35/35
 68633 | Crypt:2  | Reached skill level 17 in Evocations
 69152 | Crypt:3  | Entered Level 3 of the Crypt
 69872 | Crypt:3  | Reached skill level 23 in Armour
 70040 | Crypt:3  | Gained mutation: You expend magic power (3 MP) to strengthen your wands. [a cacodemon]
 70085 | Crypt:3  | Found a basalt altar of Yredelemnul.
 70085 | Crypt:3  | Noticed an ancient lich
 70111 | Crypt:3  | Killed an ancient lich
 70137 | Crypt:3  | Got a faintly glowing ivory amulet
 70137 | Crypt:3  | Got a flickering amber ring
 70142 | Crypt:3  | Identified the amulet "Voebbus" {Regen+ Int+8 Dex-3 Stlth+} (You found it on level 3 of the Crypt)
 70143 | Crypt:3  | Identified the ring "Cevur" {rF- rN+ Dex+5} (You found it on level 3 of the Crypt)
 71090 | Crypt:3  | Found a staircase to the Tomb.
 71149 | Crypt:3  | Reached skill level 24 in Armour
 71501 | Depths:1 | Entered Level 1 of the Depths
 71671 | Depths:1 | Found a gateway to Hell.
 71759 | Depths:1 | Found a bloodstained altar of Trog.
 71845 | Depths:1 | Reached skill level 18 in Dodging
 72070 | Depths:1 | Gained mutation: Your spells are a little easier to cast, but a little less powerful. [a neqoxec]
 72085 | Depths:1 | Found a one-way gate leading to the halls of Pandemonium.
 72090 | Depths:1 | Reached XP level 27. HP: 246/246 MP: 35/35
 72372 | Depths:1 | Found a runed door.
 73793 | Depths:2 | Found a glowing golden altar of the Shining One.
 74238 | Depths:2 | Reached skill level 21 in Fighting
 74481 | Depths:3 | Found a runed door.
 74488 | Depths:3 | Reached skill level 22 in Fighting
 74621 | Depths:3 | Found a runed door.
 74822 | Depths:3 | Identified the Papyrus of Dusty Beguiling (You found it on level 3 of the Depths)
 74860 | Depths:3 | Reached skill level 23 in Fighting
 74945 | Depths:3 | Identified Pajeck's Tome of Combat Magic (You found it on level 3 of the Depths)
 75439 | Depths:3 | Found Heusmoug's Serpentskin Sales.
 75669 | Depths:4 | Found a gateway to a ziggurat.
 75677 | Depths:4 | Noticed Mennas
 75698 | Depths:4 | Reached skill level 24 in Fighting
 75707 | Depths:4 | Killed Mennas
 75757 | Zig:1    | Entered Level 1 of a ziggurat
 75777 | Zig:2    | Entered Level 2 of a ziggurat
 75816 | Zig:3    | Entered Level 3 of a ziggurat
 75819 | Zig:3    | Noticed Jemene the pandemonium lord
 75833 | Zig:3    | Killed Jemene the pandemonium lord
 76012 | Zig:4    | Entered Level 4 of a ziggurat
 76055 | Zig:5    | Entered Level 5 of a ziggurat
 76243 | Zig:5    | Identified the Volume of the Countless Blessings (You found it on level 5 of a ziggurat)
 76264 | Zig:6    | Entered Level 6 of a ziggurat
 76435 | Zig:7    | Entered Level 7 of a ziggurat
 76465 | Zig:7    | Reached skill level 25 in Fighting
 76538 | Zig:8    | Entered Level 8 of a ziggurat
 76593 | Zig:9    | Entered Level 9 of a ziggurat
 76599 | Zig:9    | Noticed Buetin Xeda the pandemonium lord
 76632 | Zig:9    | Killed Buetin Xeda the pandemonium lord
 77071 | Zig:10   | Entered Level 10 of a ziggurat
 77354 | Zig:11   | Entered Level 11 of a ziggurat
 77381 | Zig:11   | Reached skill level 26 in Fighting
 77798 | Zig:12   | Entered Level 12 of a ziggurat
 77978 | Zig:12   | Got a crude zirconium amulet
 77988 | Zig:12   | Identified the amulet of Tekoej {Faith Int+4} (You found it on level 12 of a ziggurat)
 78004 | Zig:12   | Identified the Collected Works on Feathers (You found it on level 12 of a ziggurat)
 78106 | Depths:4 | Found a one-way gate to the infinite horrors of the Abyss.
 78371 | Depths:4 | Identified the Compendium of Feathers (You found it on level 4 of the Depths)
 78383 | Depths:4 | Noticed an iron giant
 78400 | Depths:4 | Killed an iron giant
 79351 | Depths:4 | Noticed an ancient lich
 79363 | Depths:4 | Killed an ancient lich
 79363 | Depths:4 | Reached skill level 25 in Armour
 79685 | Depths:4 | Identified Sif Muna's Almanac of Boosts (You found it on level 4 of the Depths)
 79691 | Depths:4 | Learned a level 3 spell: Regeneration
 79693 | Depths:4 | Got a vibrating iron ring
 79695 | Depths:4 | Identified the ring "Cirroob" {AC+5 Str-2 Int+5 Slay+2} (You found it on level 4 of the Depths)
 79755 | Depths:5 | Entered Level 5 of the Depths
 80393 | Depths:5 | Reached skill level 26 in Armour
 80412 | Depths:5 | Found a runed door.
 80412 | Depths:5 | Found a runed door.
 80412 | Depths:5 | Found a runed door.
 80509 | Depths:5 | Found a runed door.
 80697 | Depths:5 | Found a runed door.
 80701 | Depths:5 | Found a runed door.
 80916 | Depths:5 | Found a gate to the Realm of Zot.
 82269 | Slime:1  | Entered Level 1 of the Pits of Slime
 82324 | Slime:2  | Reached skill level 19 in Dodging
 82406 | Slime:3  | Noticed Dissolution
 82410 | Slime:3  | Gained mutation: You are clumsy. (Dex -2) [a shining eye]
 82412 | Slime:3  | Killed Dissolution
 82417 | Slime:3  | Gained mutation: Armour fits poorly on your strangely shaped body. [a shining eye]
 82421 | Slime:3  | Gained mutation: You occasionally shout uncontrollably at your foes. [a shining eye]
 82423 | Slime:3  | Gained mutation: Potions and wands are less effective at restoring your health. [a shining eye]
 82425 | Slime:3  | Gained mutation: You are very clumsy. (Dex -4) [a shining eye]
 82427 | Slime:3  | Gained mutation: You are dopey. (Int -2) [a shining eye]
 82428 | Slime:3  | Gained mutation: You are weak. (Str -2) [a shining eye]
 82710 | Slime:6  | Entered Level 6 of the Pits of Slime
 82728 | Slime:6  | Reached skill level 1 in Charms
 82728 | Slime:6  | Reached skill level 1 in Necromancy
 82738 | Slime:6  | Reached skill level 2 in Necromancy
 82743 | Slime:6  | Reached skill level 2 in Charms
 82927 | Slime:6  | Noticed the Royal Jelly
 82946 | Slime:6  | Reached skill level 3 in Charms
 82946 | Slime:6  | Reached skill level 3 in Necromancy
 82953 | Slime:6  | Killed the Royal Jelly
 82953 | Slime:6  | Reached skill level 4 in Charms
 82953 | Slime:6  | Reached skill level 4 in Necromancy
 83054 | Slime:6  | Reached skill level 5 in Necromancy
 83382 | Slime:6  | Got a pair of spiked boots
 83393 | Slime:6  | Identified the +1 pair of boots of the Sea {rElec rC+ rN+ Dex-3} (You found it on level 6 of the Pits of Slime)
 83418 | Slime:6  | Got a slimy rune of Zot
 83452 | Slime:6  | Reached skill level 5 in Charms
 83540 | Slime:6  | Identified the Reference Book on Cloudy Summoning (You found it on level 6 of the Pits of Slime)
 83640 | Slime:6  | Quit the game

Vault maps used:
D:1:      dpeg_arrival_signposts
D:2:      first_bread
D:3:      lemuel_coloured_pillars_altar, gammafunk_temple_overflow_statue,
          uniq_iyjb
D:4:      marbit_many_paths
D:5:      corexii_shantytown, vehumet_statue, uniq_duvessa
D:6:      lemuel_insect_pit, nicolae_gozag_seed_capital,
          minmay_temple_entry_metal_lava, basic_altar, serial_shops,
          shop_statue, kennysheep_mini, nicolae_shop_stone, shop,
          nicolae_shop_crystal, uniq_menkaure
D:7:      uniq_prince_ribbit1
D:8:      nicolae_dithmenos_the_darkroom, nicolae_overflow_hidden_temple,
          nicolae_ossuary_entry_catacombs, serial_shops, nicolae_shop_stone
D:9:      basic_altar, uniq_erolcha
D:10:     hangedman_screamer, david_lair_generic, hangedman_fish_farm,
          uniq_josephine, uniq_urug
D:11:     kennysheep_kobold_lugonu_temple, lab_entry_generic, serial_shops,
          nicolae_shop_trees, uniq_snorg, uniq_fannar
D:12:     david_orc_4, basic_altar, onia_ninara_cookie
D:13:     grunt_vaults_entry_fortified, special_room, serial_shops,
          kennysheep_little_box
D:14:     serial_glass, glass_columns_a, glass_columns_a, serial_shops,
          shop_coins
D:15:     hangedman_depths_entry_civil_slaughter, trog_ov_bears_minmay
Temple:   dpeg_five_rooms_temple_12
Lair:1:   nicolae_volcano_entry_two_sided
Lair:2:   basic_altar, grunt_megastairs_3, serial_bayou_shore_a
Lair:3:   grunt_megastairs_5, lemuel_fruit_tree, uniq_gastronok
Lair:4:   minmay_swamp_entry_swarm, nicolae_quartered_pool_medium
Lair:5:   guppyfry_snake_entry_island, beast_lair_carwin_8, grunt_megastairs_4,
          lemuel_fruit_fields
Lair:6:   serial_bayou_shore_b
Lair:7:   nicolae_slime_entry_slimehenge, minmay_lindwurm_lava,
          infiniplex_staircase_pool
Lair:8:   minmay_lair_end_frog_pond
Swamp:1:  portal_ice_cave_entry_frozen_things, basic_altar
Swamp:2:  evilmike_swamp_ruin_house_1, nicolae_swamp_oklob_treasure_island,
          uniq_aizul
Swamp:3:  nicolae_swamp_stair_fork, swamp_pool1,
          nicolae_swamp_feature_on_the_river_bank, uniq_kirke
Swamp:4:  swamp_alternative, swamp_pool4
Snake:1:  grunt_megastairs_1, uniq_asterion
Snake:2:  nicolae_snake_hallway, serial_shops, shop_fountains,
          lemuel_oklob_altar, serial_bayou_shore_b, serial_bayou_shore_b
Snake:3:  serial_shops, shop
Snake:4:  minmay_snake_end_coiled, nrook_loot_triangle, uniq_jorgrun
Slime:1:  basic_altar, nicolae_slime_barrier
Slime:3:  dissolution_awaits
Orc:1:    lemuel_ogre_cave, basic_altar, uniq_maurice, uniq_nergalle
Orc:2:    pubby_orc_utopia, serial_shops, uniq_donald
Elf:1:    minmay_elf_arrival_circle, serial_shops,
          nicolae_shop_temple_entry_statues_fountains, mu_enter_wizlab_3,
          minmay_elf_annihilation, lemuel_flamethrower_2, uniq_louise
Elf:3:    elf_hall, amethyst_killhole, minivault_19, st_stairs_5,
          nicolae_elf_glass_and_crystal_pillar_2, basic_stair_grate_trap
Vaults:1: v_misc_23, nicolae_vaults_meeting, vaults_room_octagon,
          dpeg_vaults_monster_row, vaults_dpeg_cross, v_misc_12,
          vaults_mumra_hex, v_misc_8, ontoclasm_vaults_misaligned, serial_ice_b,
          dpeg_vaults_monster_box, nicolae_vaults_mini_display_case,
          nicolae_vaults_diagonal_hallway_6, serial_shops, shop
Vaults:2: nicolae_vaults_circle_grid_a, grunt_vaults_focal, grunt_vaults_funnel,
          v_misc_13, ontoclasm_vaults_decontamination,
          nicolae_vaults_twisting_passages, ontoclasm_vaults_idyll,
          ontoclasm_vaults_claustrophobia, v_alt_pattern_1,
          vaults_dpeg_diagonal, vaults_dpeg_hooks, vaults_room_door_ring,
          serial_shops, shop, enter_trove_2, uniq_norris, uniq_jory
Vaults:3: v_rooms_1, nicolae_vaults_border_crossing, vaults_room_large_hall,
          minmay_crypt_entry_simple_round, nicolae_vaults_what_the_h,
          st_octagons_2, nicolae_vaults_little_ls, v_misc_13,
          vaults_room_grunt_arrival_checkpoint, vaults_room_semicircle,
          v_misc_24, vaults_room_boxed, v_misc_26, serial_shops, shop
Vaults:4: vaults_room_semicircle, nicolae_vaults_c_with_doors,
          hangedman_vaults_corner, nicolae_vaults_diagonal_hallway_8,
          vaults_mumra_minichess_inversion, vaults_room_fours,
          nicolae_vaults_little_squares_4, hangedman_vaults_restitches,
          nicolae_vaults_three_branches, hangedman_vaults_slice
Vaults:5: serial_shops
Crypt:1:  grunt_ministairs_1, uniq_margery
Crypt:3:  cryptofortress_bobbens
Depths:1: old_standard_altar, rand_demon_pan_entry_4, hell_entry,
          minmay_crystal_box, serial_bayou_shore_b
Depths:2: kennysheep_ogre_elephant_herders, tso_altar, hangedman_coc_ice_floe,
          minmay_staircase_windowed_large
Depths:3: minmay_expanding_circles, pan_entry, hell_entry, guppyfry_shop_venom
Depths:4: evilmike_wizard_prison, enter_ziggurat_b, minmay_room_of_horrors,
          hell_entry, minmay_misc_feat_four_crosses,
          infiniplex_staircase_zigzag_3, uniq_mennas
Depths:5: evilmike_zot_entry_castle, hell_entry, serial_bayou_shore_b
Zig:7:    ziggurat_pillar_centre_smoke
Zig:11:   ziggurat_pillar_centre_dead_trees
Lab:      labyrinth_hidden_loot, nicolae_lab_flowing_pool, nicolae_lab_blocks,
          nicolae_lab_t_cross
Ossuary:  ossuary_tomb_3
IceCv:    ice_cave_caverns_01
Volcano:  volcano_aerie
WizLab:   wizlab_golubria

Vanquished Creatures
  the Royal Jelly Dissolution
  3 ancient liches Mennas
  2 pandemonium lords Margery
  An iron giant Norris
  A caustic shrike Jory
  5 golden dragons
  3 bone dragons Jorgrun
  5 tentacled monstrosities
  8 liches
  An Ice Fiend
  A Hell Sentinel Asterion
  3 deep elf blademasters
  5 quicksilver dragons
  2 deep elf master archers
  13 acid blobs
  2 ancient champions
  4 titans
  A tentacled starspawn Gastronok
  An eldritch tentacle
  5 tengu reavers
  7 sphinxes
  5 thorn hunters Kirke
  3 storm dragons
  10 greater nagas
  14 azure jellies
  8 shadow dragons
  A fire giant (shapeshifter)
  A draconian monk
  14 fire giants
  4 revenants
  3 iron dragons
  A balrug
  19 vault wardens
  5 deep elf sorcerers
  10 frost giants Donald Louise
  A ghost moth
  A draconian knight
  2 emperor scorpions
  3 orc warlords
  A juggernaut zombie
  3 draconian zealots
  6 deep elf elementalists Aizul
  2 chaos champions
  23 ironheart preservers
  2 curse skulls
  2 draconian shifters
  7 war gargoyles
  A draconian annihilator
  9 ghouls
  A reaper
  17 very ugly things
  3 salamander stormcallers
  A blood saint
  3 vampire knights
  5 green draconians
  2 black draconians
  4 draconian callers
  4 mottled draconians
  36 stone giants
  11 deep elf annihilators
  10 deep elf demonologists
  2 yellow draconians
  5 dire elephants
  A lorocyproca
  3 purple draconians
  A red draconian
  11 spark wasps
  2 merfolk javelineers
  24 ettins
  6 eidola
  6 white draconians Snorg
  7 crystal guardians
  3 blizzard demons
  11 deep elf death magi
  14 death oozes
  11 jiangshi
  A minotaur
  49 vault guards Erolcha Josephine
  10 fire dragons
  4 deep elf high priests
  12 great orbs of eyes Fannar
  13 yaktaur captains
  2 merfolk impalers
  12 ice dragons
  A hell beast
  23 hydras
  3 entropy weavers
  5 rakshasas
  22 naga warriors
  A merfolk avatar
  22 ogre magi
  2 death knights
  A catoblepas
  14 centaur warriors
  5 spriggan air magi
  A ghost crab
  A merfolk aquamancer
  12 anacondas
  34 dancing weapons
  13 death yaks
  15 alligators
  3 tengu warriors
  20 deep troll shamans
  3 titan zombies
  5 spriggan berserkers
  10 naga sharpshooters Urug
  5 orc high priests
  A sun demon
  5 spriggans
  16 deep troll earth magi
  5 vampire magi
  9 shock serpents
  24 deep elf knights
  9 soul eaters Nergalle
  32 skeletal warriors
  A fire crab
  3 shadow wraiths
  A golden dragon zombie
  11 iron trolls
  27 hell knights
  4 sea snakes
  5 salamander mystics
  A storm dragon skeleton
  2 spriggan druids
  53 deep trolls
  8 flayed ghosts
  2 unseen horrors
  An obsidian statue
  A sphinx zombie
  8 giant orange brains
  A torturous demonspawn
  2 orange crystal statues
  9 hill giants
  3 anaconda skeletons
  7 phantasmal warriors
  3 shambling mangroves
  12 swamp dragons
  3 iron dragon zombies
  25 ironbrand convokers
  A hill giant (shapeshifter)
  14 deep elf archers
  20 necromancers
  11 naga ritualists
  73 deep elf magi
  13 mana vipers
  14 harpies
  A lindwurm
  19 orc knights
  A golden dragon skeleton
  5 wizards
  59 ugly things
  13 salamanders
  A manticore (shapeshifter)
  2 oklob plants
  A shining eye
  2 frost giant zombies
  A tengu skeleton
  8 griffons
  2 manticores
  7 orc sorcerers
  8 wolf spiders
  A salamander (shapeshifter)
  A sixfirhy
  8 cyclopes
  A hornet (shapeshifter)
  A stone giant zombie
  3 water nymphs
  2 fire giant zombies
  A sphinx skeleton
  9 hornets
  A dire elephant zombie
  2 worldbinders
  An elephant (shapeshifter)
  33 elephants
  9 guardian serpents
  An ice statue
  23 vault sentinels
  An iron dragon skeleton
  3 eyes of devastation
  2 toenail golems
  30 naga magi
  3 stone giant skeletons
  2 torpor snails (shapeshifter)
  59 black mambas
  2 rust devils
  6 gargoyles Maurice
  The ghost of Feta the Shield-Bearer, a novice FoFi of Qazlal
  32 spiny frogs
  A dire elephant skeleton
  A molten gargoyle
  3 hellions
  A demonic crawler
  9 kobold demonologists
  2 shock serpent skeletons
  A mottled draconian zombie
  A yaktaur zombie
  An efreet
  16 freezing wraiths
  10 ice devils
  7 rime drakes
  A tormentor
  8 komodo dragons
  A yaktaur skeleton
  A black draconian skeleton
  A golden dragon simulacrum
  A hellwing
  3 tengu conjurers
  3 anaconda simulacra
  A red devil
  A silent spectre
  41 yaktaurs
  A harpy zombie
  A red draconian skeleton
  A minotaur zombie
  A wolf spider simulacrum
  6 merfolk
  A hydra skeleton
  36 two-headed ogres
  21 trolls
  A wind drake
  3 polar bears
  A jumping spider
  9 giant leeches
  32 blink frogs
  10 bog bodies
  2 human simulacra
  2 raiju (shapeshifter)
  Prince Ribbit
  2 sphinx simulacra
  A spriggan zombie
  2 snapping turtles
  2 frost giant simulacra
  A raiju
  An ice dragon zombie
  2 redbacks (shapeshifter)
  A hornet zombie
  An ettin zombie
  81 slime creatures
  2 ettin skeletons
  A snapping turtle (shapeshifter)
  34 flying skulls
  4 centaur simulacra
  2 fire giant simulacra
  A black mamba zombie
  6 boulder beetles
  5 large abominations
  17 air elementals
  3 vampires
  12 redbacks
  12 wraiths
  2 ynoxinuls
  11 fire elementals
  2 wyverns
  A fire dragon skeleton
  46 yaks
  8 shadows
  3 tarantellas
  4 hogs
  2 humans
  7 water elementals
  A spriggan skeleton
  An elf zombie
  2 neqoxecs
  13 golden eyes
  A golden eye (shapeshifter)
  8 basilisks
  6 wolves
  3 chaos spawn
  7 wargs
  12 hippogriffs
  8 hungry ghosts
  3 spatial vortices
  A wind drake skeleton
  20 swamp worms
  40 vampire mosquitoes Menkaure
  3 iron troll simulacra
  A mottled dragon (shapeshifter)
  2 mottled dragons
  A human zombie
  15 insubstantial wisps
  A soldier ant
  A water nymph zombie Duvessa
  4 harpy simulacra
  83 nagas
  7 hydra simulacra
  A spiny frog zombie
  22 water moccasins
  11 porcupines
  14 swamp drakes
  A black bear
  A hornet simulacrum
  5 eyes of draining
  An ettin simulacrum
  5 ice beasts
  80 orc warriors
  4 phantoms
  20 wasps
  90 ogres
  7 sky beasts
  A manticore zombie
  An alligator simulacrum
  9 necrophages
  38 centaurs
  23 boggarts
  An elf skeleton
  An anubis guard skeleton
  23 crocodiles
  4 big kobolds
  8 small abominations
  6 earth elementals
  36 giant frogs
  A draconian skeleton
  A komodo dragon skeleton
  2 gnoll sergeants
  A water moccasin zombie Dowan
  2 wyvern skeletons
  6 scorpions
  A water moccasin skeleton
  43 wights
  A killer bee
  An elf simulacrum
  An orc simulacrum
  6 howler monkeys
  3 electric eels
  A raiju skeleton
  5 giant frog zombies
  2 crimson imps
  A draconian simulacrum
  7 hounds
  A quasit
  6 centaur zombies
  A basilisk zombie
  15 two-headed ogre zombies
  3 giant frog skeletons
  45 orc priests
  27 jellies
  7 centaur skeletons
  An iron imp Ijyb
  8 human skeletons
  13 iguanas
  37 orc wizards
  A hell rat (shapeshifter)
  15 worker ants
  2 killer bee zombies
  3 spriggan simulacra
  A statue
  A lightning spire
  A wolf simulacrum
  A polar bear simulacrum
  20 sheep
  A tengu zombie
  A crocodile zombie
  A deep dwarf skeleton
  4 hound skeletons
  8 mummies
  2 worker ant zombies
  16 gnolls
  13 adders
  A howler monkey skeleton
  A naga simulacrum
  60 river rats
  5 shadow imps
  17 white imps
  2 giant eyeballs
  7 ufetubi
  5 oozes
  An adder skeleton
  2 worms
  2 dart slugs
  7 giant geckos
  176 orcs
  10 giant cockroaches
  2 gnoll zombies
  13 goblins
  10 hobgoblins
  6 jackals
  2 quokkas
  12 bats
  A giant cockroach zombie
  3 giant newts
  A giant newt zombie
  2 hobgoblin zombies
  25 kobolds
  3 kobold zombies
  2 orc skeletons
  2 orc zombies
  A quokka skeleton
  9 rats
  A block of ice
  10 briar patches
  13 bushes
  2 butterflies
  A demonic plant
  7620 eldritch tentacle segments
  50 fungi
  7 lost souls
  A lurking horror
  78 plants
  A spectral weapon
  4 starspawn tentacles
  24 starspawn tentacle segments
11316 creatures vanquished.
